 Dungeon Crawl Stone Soup version 0.28-a0-1184-g53156a8862 (webtiles) character file.

Game seed: 13677606284609597423

49 frimble the Grasshopper (level 3, -6/28 HPs)
             Began as a Demonspawn Warper on Dec 18, 2021.
             Mangled by Natasha (7 damage)
             ... on level 2 of the Dungeon.
             The game lasted 00:01:49 (2056 turns).

frimble the Grasshopper (Demonspawn Warper)         Turns: 2056, Time: 00:01:51

Health: -6/28      AC:  4    Str: 11    XL:     3   Next: 51%
Magic:  6/6        EV: 11    Int: 16    God:
Gold:   74         SH:  0    Dex: 12    Spells: 6/6 levels left

rFire   . . .      SeeInvis .   a - +1 short sword
rCold   . . .      Faith    .   (no shield)
rNeg    . . .      Spirit   .   b - +0 leather armour
rPois   .          Reflect  .   (no helmet)
rElec   .          Harm     .   (no cloak)
rCorr   .          Rampage  .   (no gloves)
Will    .....                   (no boots)
Stlth   +.........              (no amulet)
HPRegen 0.09/turn               (no ring)
MPRegen 0.10/turn               (no ring)

@: flying, hasted, invisible, very quick
A: claws 1, rugged brown scales 1
a: no special abilities


You were on level 2 of the Dungeon.
You visited 1 branch of the dungeon, and saw 2 of its levels.

You collected 74 gold pieces.

Inventory:

Hand Weapons
 a - a +1 short sword (weapon)
Missiles
 d - 5 boomerangs of dispersal (quivered)
 e - 6 javelins
 f - a throwing net
Armour
 b - a +0 leather armour (worn)
Scrolls
 c - a scroll of blinking
Potions
 h - a potion of invisibility
 l - a potion of lignification {unknown}


   Skills:
 + Level 2.3 Fighting
 + Level 2.2 Short Blades
 + Level 1.4 Throwing
 - Level 1.0 Armour
 + Level 2.2 Dodging
 - Level 2.0 Spellcasting
 + Level 3.0 Translocations


You had 6 spell levels left.
You didn't know any spells.
Your spell library contained the following spells:

 Spells                   Type           Power      Damage    Failure   Level
 Blink                    Tloc           22%        N/A       12%         2
 Gell's Gravitas          Tloc           11%        N/A       22%         3
 Lesser Beckoning         Tloc           11%        N/A       22%         3
 Teleport Other           Tloc           11%        N/A       22%         3
 Corpse Rot               Necr/Air       2%         N/A       38%         2
 Poisonous Vapours        Pois/Air       2%         N/A       38%         2
 Manifold Assault         Tloc           11%        N/A       91%         5


Dungeon Overview and Level Annotations

Branches:
Dungeon (2/15)

Altars:

Annotations:
D:2 Natasha


Innate Abilities, Weirdness & Mutations

You have sharp fingernails.
You are partially covered in rugged brown scales. (AC +1, +3% HP)


Message History

Natasha is heavily wounded.
Natasha barely misses you. The shadow imp misses you.
You closely miss Natasha.
Natasha is heavily wounded.
Natasha barely misses you. The shadow imp barely misses you.
You hit Natasha.
Natasha is severely wounded.
Natasha casts a spell at you. The magic dart hits you!
You hit Natasha.
Natasha is severely wounded.
The shadow imp hits you.
You hit Natasha.
Natasha is almost dead.
Natasha casts a spell at you. The magic dart hits you.
The shadow imp gestures at you.
You barely resist. You barely miss Natasha.
Natasha is almost dead.
Natasha drinks a potion.
Natasha is healed!
You hit Natasha but do no damage. The shadow imp gestures at you.
Pain shoots through your body!
* * * LOW HITPOINT WARNING * * *
You closely miss Natasha. Natasha closely misses you.
The shadow imp grins evilly.
The shadow imp closely misses you.
You closely miss Natasha. You barely miss Natasha. Natasha misses you.
The shadow imp hits you but does no damage.
You closely miss Natasha. Natasha barely misses you.
The shadow imp hits you but does no damage.
You closely miss Natasha. You hit Natasha but do no damage.
The shadow imp disappears in a puff of smoke!
Natasha completely misses you.
The shadow imp shouts, "Get thee gone, thou baffled onion-eyed bloater!"
You barely miss Natasha. Natasha claws you!
You die...

#.# #.##########+#
#..........#.#
#..#######.#.##### #..#
#......). #..#####
#....#### #.....5#
#........
##.###h###..#####.
#....ยง@....#
##########.# #.#
#.#####..# ######.......#
#....##.#######
#.##..........#
#.##..#.#####.#
#######.#...#>#####.#####


You could see Natasha and a shadow imp (summoned).

Vanquished Creatures
  An adder (D:1)
  4 dart slugs
  4 ball pythons (D:1)
  An endoplasm (D:1)
  2 giant cockroaches (D:1)
  2 hobgoblins (D:1)
  5 bats (D:1)
  3 frilled lizards
  5 goblins (D:1)
  3 kobolds (D:1)
30 creatures vanquished.

Notes
Turn   | Place    | Note
-------+----------+-------------------------------------------
     0 | D:1      | frimble the Demonspawn Warper began the quest for the Orb.
     0 | D:1      | Reached XP level 1. HP: 16/16 MP: 3/3
   123 | D:1      | Reached skill level 1 in Throwing
   123 | D:1      | Reached skill level 1 in Armour
   205 | D:1      | Gained mutation: You have sharp fingernails. [demonic
                  | ancestry]
   205 | D:1      | Reached XP level 2. HP: 18/22 MP: 5/5
   824 | D:1      | Found a faded altar of an unknown god.
   920 | D:1      | Reached skill level 3 in Translocations
   920 | D:1      | Gained mutation: You are partially covered in rugged brown
                  | scales. (AC +1, +3% HP) [demonic ancestry]
   920 | D:1      | Reached XP level 3. HP: 16/27 MP: 6/6
  2016 | D:2      | Noticed Natasha
  2049 | D:2      | HP: 1/28 [shadow imp/nerve-wracking pain[Natasha] (10)]
  2056 | D:2      | Mangled by Natasha

Illustrated notes

Levels and vault maps discovered:
D:1:      heliophobic_arrival_dark_side_of_the_moon, layout_loops_ring,
          dreamdust_ecumenical_altar_angels_and_demons, minmay_pentomino_s2
D:2:      layout_loops_corners, chequers_jeans, uniq_natasha

Skill      XL: |  1  2 |
---------------+-------+-----
Throwing       | 1 |  1.4
Armour         | 1 |  1.0
Short Blades   | 2 |  2.2
Dodging        | 2 |  2.2
Translocations | 3 |  3.0
Fighting       | |  2.3
Spellcasting   | |  2.0

Action                   || total
-------------------------++-------
Melee: Short sword       ||   141
  Use: Scroll            ||     4
       Potion            ||     4
 Stab: Distracted        ||     1
Armor: Leather armour    ||    29
Dodge: Dodged            ||    78

Table legend: (Time is in decaauts)
 A = Elapsed time spent in this place.
 B = Non-inter-level travel time spent in this place.
 C = Inter-level travel time spent in this place.
 D = Time resting spent in this place.
 E = Time spent auto-exploring this place.
 F = Levels seen in this place.
 G = Mean time per level.
                   A        B        C        D        E       F      G
               +--------+--------+--------+--------+--------+-----+--------+
         Total |   2049 |   2009 |     40 |    104 |   1617 |   2 | 1024.5 |
       Dungeon |   2049 |   2009 |     40 |    104 |   1617 |   2 | 1024.5 |
               +--------+--------+--------+--------+--------+-----+--------+

Top non-repeatable levels by time:
     D:1: 1752 daAuts
     D:2: 296 daAuts
